Selects Italian Coastal Battlegroup
Construct Infanterie Kompanie
Construct Panzergrenadier Kompanie
Selects Artillery Officer
Selects Designate Defensive Line
Pak 40 Anti-tank Gun Team
Construct Panzer Kompanie
Selects Designated Artillery Overwatch
Selects Obice da 210/22 Artillery Emplacement
Pak 40 Anti-tank Gun Team
Panzergrenadier Officer Quarters